 Dungeon Crawl Stone Soup version 0.29.1-13-g9f3cf754e1 (webtiles) character file.

Game seed: 12935984094432297725

48 javelincjr the Insei (level 3, 0/26 HPs)
             Began as a Demonspawn Transmuter on Feb 6, 2023.
             Slain by a gnoll
             ... wielding a +0 spear
              (2 damage)
             ... on level 2 of the Dungeon.
             The game lasted 00:04:30 (1414 turns).

javelincjr the Insei (Demonspawn Transmuter)        Turns: 1414, Time: 00:04:31

Health: 0/26       AC:  3    Str: 10    XL:     3   Next: 50%
Magic:  5/6        EV:  6    Int: 16    God:
Gold:   76         SH:  0    Dex: 13    Spells: 5/6 levels left

rFire   + . .      SeeInvis .     - Unarmed
rCold   + . .      Faith    .   (no shield)
rNeg    . . .      Spirit   .   e - +0 leather armour
rPois   +          Reflect  +   (helmet currently unavailable)
rElec   +          Harm     .   (no cloak)
rCorr   +          Rampage  .   (no gloves)
Will    .....                   (boots currently unavailable)
Stlth   +.........              l - amulet of reflection
HPRegen 0.08/turn               g - ring of flight
MPRegen 0.10/turn               (no ring)

@: appendages (expiring), resistant, flying, held
A: horns 2, talons 2, demonic touch 1
a: End Transformation


You were on level 2 of the Dungeon.
You had temporarily grown beastly horns and talons.
You visited 1 branch of the dungeon, and saw 2 of its levels.

You collected 76 gold pieces.

Inventory:

Hand Weapons
 j - a +0 dagger
Missiles
 k - 3 poisoned darts
Armour
 a - a +0 robe
 e - a +0 leather armour (worn)
Jewellery
 g - a ring of flight (left hand)
 l - an amulet of reflection (around neck)
 m - a ring of wizardry
Scrolls
 c - a scroll of enchant weapon {unknown}
 h - a scroll of identify {unknown}
Potions
 b - a potion of lignification
 f - 2 potions of cancellation {unknown}
 i - a potion of haste {unknown}


   Skills:
 + Level 1.0 Fighting
 + Level 0.8 Armour
 + Level 1.8 Dodging
 + Level 3.3 Unarmed Combat
 + Level 2.4 Spellcasting
 + Level 2.1 Transmutations


You had 5 spell levels left.
You knew the following spells:

 Your Spells              Type           Power      Damage    Failure   Level
a - Beastly Appendage     Tmut           16%        N/A       11%         1

Your spell library contained the following spells:

 Spells                   Type           Power      Damage    Failure   Level
 Wereblood                Tmut           8%         N/A       17%         2
 Spider Form              Tmut/Pois      5%         N/A       45%         3
 Ice Form                 Ice/Tmut       5%         N/A       86%         4
 Fireball                 Conj/Fire      0%         3d3       100%        5
 Starburst                Conj/Fire      0%         6d3       100%        6
 Ignition                 Fire           0%         3d3       100%        8


Dungeon Overview and Level Annotations

Branches:
Dungeon (2/15)

Altars:


Innate Abilities, Weirdness & Mutations

You have temporarily grown beastly horns and talons.
Your touch may inflict minor irresistible damage on your foes.


Message History

You barely miss the gnoll. The gnoll barely misses you.
You barely miss the gnoll.
You touch the gnoll!
The gnoll is severely wounded.
The gnoll barely misses you.
A gnoll comes into view. It is wielding a +0 spear.
Your magical contamination has completely faded away.
You hit the gnoll.
You kill the gnoll!
A gnoll comes into view. It is wielding a +0 spear.
Things that are here:
a +0 spear; 6 gold pieces; a gnoll corpse The goblin misses you.
You hit the goblin. Your touch misses the goblin.
The goblin is moderately wounded.
The goblin misses you.
You closely miss the goblin. Your kick misses the goblin. You punch the goblin.
You kill the goblin!
Your transformation is almost over.
The gnoll hits you from afar with a +0 spear!
The gnoll throws a throwing net.
The throwing net hits you.
You become entangled in the net!
You see here a throwing net.
You struggle against the net.
The gnoll closely misses you.
The gnoll hits you from afar with a +0 spear.
You struggle against the net.
The gnoll barely misses you.
The gnoll hits you from afar with a +0 spear.
You struggle against the net.
The gnoll hits you from afar with a +0 spear.
The gnoll barely misses you.
You struggle against the net.
The gnoll hits you from afar with a +0 spear. x2
* * * LOW HITPOINT WARNING * * *
You are too injured to fight recklessly!
You are too injured to fight recklessly!
It was a potion of resistance.
You feel protected.
The gnoll hits you from afar with a +0 spear.
* * * LOW HITPOINT WARNING * * *
The gnoll hits you from afar with a +0 spear.
You die...

.......# #)# ......#
#.# .....# #.# .
....# #.# .... #)#.#
#.#
.....##.#.#######
#.#
.......)g........
#.#
.....#....##########
#.#
.....'..gg@........#
#.#
######...#.#######.#
#.# #...#......>..#
#.#
#...########..###.#
##### #....#.#
#######.##.#.####
...........#....#
.######.#..#.#.##
#....#.######.#


You could see 3 gnolls.

Vanquished Creatures
  A gnoll (D:2)
  An adder (D:1)
  2 dart slugs (D:1)
  3 endoplasms (D:1)
  2 giant cockroaches (D:1)
  2 goblins
  4 hobgoblins (D:1)
  A kobold (D:2)
  A quokka (D:1)
  3 ball pythons
  A bat (D:1)
  A frilled lizard (D:1)
  3 rats (D:1)
25 creatures vanquished.

Notes
Turn   | Place    | Note
-------+----------+-------------------------------------------
     0 | D:1      | javelincjr the Demonspawn Transmuter began the quest for
                  | the Orb.
     0 | D:1      | Reached XP level 1. HP: 15/15 MP: 3/3
   199 | D:1      | Gained mutation: Your touch may inflict minor irresistible
                  | damage on your foes. [demonic ancestry]
   199 | D:1      | Reached XP level 2. HP: 21/21 MP: 3/5
   329 | D:1      | Reached skill level 3 in Unarmed Combat
   988 | D:1      | Reached XP level 3. HP: 18/26 MP: 4/6
  1414 | D:2      | Slain by a gnoll

Illustrated notes

Levels and vault maps discovered:
D:1:      dpeg_arrival_round_b, layout_loops_ring
D:2:      layout_basic, ebering_ecumenical_altar_abandoned, serial_glass,
          glass_columns_b, glass_columns_a

Skill      XL: |  1  2 |
---------------+-------+-----
Transmutations | 2 |  2.1
Unarmed Combat | 3 |  3.3
Fighting       | |  1.0
Armour         | |  0.8
Dodging        | |  1.8
Spellcasting   | |  2.4

Action                   || total
-------------------------++-------
Melee: Unarmed           ||    59
       Headbutt          ||     8
       Kick              ||    11
       Touch             ||     4
       Punch             ||     2
 Cast: Beastly Appendage ||    18
  Use: Potion            ||     1
Armor: Leather armour    ||    12
Dodge: Dodged            ||    40
